 Dungeon Crawl Stone Soup version 0.20.0-14-g326068f (webtiles) character file.

355 minicreteconcrete the Magician (level 6, 0/33 HPs)
             Began as a Deep Elf Fire Elementalist on June 8, 2017.
             Slain by Pikel
             ... wielding a +1 whip of flaming
              (6 damage)
             ... on level 4 of the Dungeon.
             The game lasted 00:10:13 (4472 turns).

minicreteconcrete the Magician (DEFE)               Turns: 4472, Time: 00:10:14

Health: 0/33       AC:  3    Str:  5    XL:     6   Next: 36%
Magic:  4/15       EV: 13    Int: 22    God:
Gold:   252        SH:  0    Dex: 15    Spells: 2/15 levels left

rFire    . . .     SeeInvis .   b - +0 shortbow
rCold    . . .     Gourm    .   (shield currently unavailable)
rNeg     . . .     Faith    .   q - +1 robe
rPois    .         Spirit   .   (no helmet)
rElec    .         Reflect  .   (no cloak)
rCorr    .         Harm     .   (no gloves)
MR       .....                  (no boots)
Stlth    +++.......             (no amulet)
Regen    0.2/turn               (no ring)
MPRegen  0.2/turn               (no ring)

@: very slightly contaminated
A: no striking features
a: no special abilities


You were on level 4 of the Dungeon.
You were not hungry.

You visited 1 branch of the dungeon, and saw 4 of its levels.

You collected 252 gold pieces.

Inventory:

Hand Weapons
 a - a +0 spear
 b - a +0 shortbow (weapon)
 c - the +7 whip of Karma {venom, +Blink rPois rC- rN+}
   (You found it on level 4 of the Dungeon)

   It poisons the flesh of those it strikes.
   It makes you vulnerable to cold.
   It protects you from poison.
   It protects you from negative energy.
   It lets you blink.
 i - a +0 hand axe
 p - a +0 dagger
Missiles
 e - 30 arrows (quivered)
 g - 147 stones
 j - 51 bolts
 r - 46 sling bullets
Armour
 k - +0 ice dragon scales
 q - a +1 robe (worn)
 x - a +4 ring mail
Jewellery
 n - an uncursed ring of ice
Scrolls
 d - 3 scrolls of identify
 s - 2 scrolls of teleportation
 t - 3 scrolls of remove curse
 v - a scroll of blinking
 y - a scroll of fear
Potions
 h - a potion of might
 u - a potion of curing
Books
 f - a book of Flames

   Spells                             Type                      Level
   a - Flame Tongue                   Conjuration/Fire             1
   b - Throw Flame                    Conjuration/Fire             2
   c - Conjure Flame                  Conjuration/Fire             3
   d - Inner Flame                    Hexes/Fire                   3
   e - Sticky Flame                   Conjuration/Fire             4
   f - Fireball                       Conjuration/Fire             5
Comestibles
 l - 3 bread rations
 m - 5 meat rations
 o - a royal jelly
 w - 5 chunks of flesh


   Skills:
 + Level 0.5 Fighting
 + Level 0.8 Polearms
 + Level 1.6 Bows
 + Level 2.9 Dodging
 + Level 4.3 Stealth
 + Level 5.0 Spellcasting
 + Level 2.8 Conjurations
 + Level 4.7 Fire Magic


You had 2 spell levels left.
You knew the following spells:

 Your Spells              Type           Power        Failure   Level  Hunger
a - Flame Tongue          Conj/Fire      ###..        2%          1    None
b - Conjure Flame         Conj/Fire      ###.....     6%          3    ##.....
c - Sticky Flame          Conj/Fire      ###.....     22%         4    ####...
d - Fireball              Conj/Fire      ###.......   52%         5    #####..


Dungeon Overview and Level Annotations

Branches:
Dungeon (4/15)
 Temple: D:4-7

Altars:
Elyvilon
Fedhas
Gozag
Makhleb
Ru
Uskayaw

Annotations:
D:4 Pikel


Message History

You see here an animal skin.
Casting: Sticky Flame
Confirm with . or Enter, or press ? or * to list all spells.
Aiming: Sticky Flame
Press: ? - help, Shift-Dir - straight line, f/p - Pikel
Aim: Pikel, wielding a whip of flaming and wearing a robe (heavily wounded)
You miscast Sticky Flame.
You are very lightly contaminated with residual magic.
Smoke pours from your hands! Pikel hits you with a whip of flaming!
* * * LOW HITPOINT WARNING * * *
Pikel burns you.
* * * LOW HITPOINT WARNING * * *
Casting: Sticky Flame
Confirm with . or Enter, or press ? or * to list all spells.
Aiming: Sticky Flame
Press: ? - help, Shift-Dir - straight line, f/p - Pikel
Aim: Pikel, wielding a whip of flaming and wearing a robe (grey smoke, heavily wounded)
You miscast Sticky Flame.
Nothing appears to happen.
Pikel hits you with a whip of flaming.
You die...

##.......#.....)# #...# .#
###................ #...###..#
##.#####.#.##.#.### #........##
....# #......#.# #....#.....
##.## ###......# #....##..# ##.#
###...## #........# ##.# #...#
####..(....## ##.####
#..§#####§........<### ......#
#..§§@Kp§.##..#.#.....
......######..§§####.##(...#.....
.#..#.........§§.....##..###.....
.....................##.(###..K..
.#..#................##........<.
......######....####.#.((........
......# #.........#.#.#.###...
...#### #.#.#######.#(#.# ###.
#### ## #...# #. >


You could see Pikel and a slave.

Vanquished Creatures
  3 slaves
  A centaur (D:3)
  A hound (D:4)
  A jelly (D:4)
  A centaur skeleton (D:4)
  A hound skeleton (D:4)
  4 gnolls (D:2)
  7 adders
  3 worms (D:3)
  2 leopard geckos (D:3)
  A ball python (D:3)
  8 bats
  2 giant cockroaches
  6 goblins
  7 hobgoblins
  5 jackals
  2 quokkas (D:4)
  4 frilled lizards
  A jackal skeleton (D:4)
  8 kobolds
  4 rats
72 creatures vanquished.

Vanquished Creatures (others)
  A fire vortex (D:3)
1 creature vanquished.

Grand Total: 73 creatures vanquished

Notes
Turn   | Place    | Note
-------+----------+-------------------------------------------
     0 | D:1      | minicreteconcrete the Deep Elf Fire Elementalist began the quest for the Orb.
     0 | D:1      | Reached XP level 1. HP: 10/10 MP: 6/6
   216 | D:1      | Reached XP level 2. HP: 15/15 MP: 6/8
   964 | D:2      | Found a hide-covered altar of Uskayaw.
  1073 | D:2      | Found a white marble altar of Elyvilon.
  1363 | D:2      | Reached XP level 3. HP: 11/19 MP: 5/10
  1396 | D:2      | Learned a level 3 spell: Conjure Flame
  1718 | D:2      | Found an opulent altar of Gozag.
  1786 | D:2      | Reached XP level 4. HP: 24/24 MP: 7/11
  1792 | D:2      | Learned a level 4 spell: Sticky Flame
  1985 | D:3      | Reached skill level 4 in Spellcasting
  2228 | D:3      | Found a burning altar of Makhleb.
  2777 | D:3      | Reached XP level 5. HP: 24/28 MP: 5/13
  3050 | D:3      | Noticed a centaur
  3064 | D:3      | Killed a centaur
  3326 | D:3      | Found a sacrificial altar of Ru.
  3594 | D:4      | Reached XP level 6. HP: 26/32 MP: 2/15
  3857 | D:4      | Got a translucent whip
  3859 | D:4      | Identified the +7 whip of Karma {venom, +Blink rPois rC- rN+} (You found it on level 4 of the Dungeon)
  3871 | D:4      | Reached skill level 1 in Bows
  3878 | D:4      | Found a blossoming altar of Fedhas.
  3932 | D:4      | Noticed a slave
  3932 | D:4      | Noticed a slave
  3932 | D:4      | Noticed a slave
  3940 | D:4      | Learned a level 5 spell: Fireball
  3942 | D:4      | Noticed Pikel
  3945 | D:4      | Noticed a slave
  4126 | D:3      | Killed a slave
  4251 | D:3      | Killed a slave
  4319 | D:4      | Reached skill level 5 in Spellcasting
  4421 | D:4      | Killed a slave
  4472 | D:4      | Slain by Pikel

Skill      XL: |  1  2  3  4  5  6 |
---------------+-------------------+-----
Fire Magic     | 4 |  4.7
Stealth        | 3 4 |  4.3
Spellcasting   | 4 5 |  5.0
Conjurations   | 2 |  2.8
Bows           | 1 |  1.6
Fighting       | |  0.5
Polearms       | |  0.8
Dodging        | |  2.9

Action                   |  1- 3 |  4- 6 || total
-------------------------+-------+-------++-------
Melee: Spear             |     3 |    19 ||    22
       Whip              |       |     1 ||     1
 Fire: Shortbow          |       |    49 ||    49
Throw: Stone             |     2 |     1 ||     3
 Cast: Flame Tongue      |    54 |    40 ||    94
       Sticky Flame      |       |    18 ||    18
       Fireball          |       |     2 ||     2
  Use: Scroll            |     4 |     4 ||     8
       Potion            |       |     3 ||     3
 Stab: Sleeping          |     3 |     4 ||     7
  Eat: Chunk             |     2 |     9 ||    11
       Bread ration      |       |     1 ||     1
Armor: Robe              |     3 |     9 ||    12
Dodge: Dodged            |    13 |    51 ||    64
